 Dungeon Crawl Stone Soup version 0.19-a0-1097-g38e3b35 (webtiles) character file.

85 dysrexia the Scratcher (level 4, -10/21 HPs)
             Began as a Felid Monk on Aug 8, 2016.
             Was a Believer of Yredelemnul.
             Mangled by an iguana (12 damage)
             ... on level 4 of the Dungeon.
             The game lasted 00:12:22 (2929 turns).

dysrexia the Scratcher (Felid Monk)                 Turns: 2929, Time: 00:12:23

Health: -10/21     AC:  1    Str:  7    XL:     4   Next: 25%
Magic:  5/5        EV: 20    Int: 12    God:    Yredelemnul [**....]
Gold:   129        SH:  0    Dex: 19    Spells: 0 memorised, 3 levels left
                                        Lives:  0   Deaths: 1

rFire  . . .     SeeInvis +       - Unarmed
rCold  . . .     Gourm    .     (armour unavailable)
rNeg   . . .     Faith    .     (shield unavailable)
rPois  .         Spirit   .     (helmet unavailable)
rElec  .         Dismiss  .     (cloak unavailable)
rCorr  .         Reflect  .     (gloves unavailable)
SustAt .         Harm     .     (boots unavailable)
MR     .....                    (no amulet)
Stlth  ++++......               (no ring)
                                (no ring)

@: quick
A: no armour, no weapons or thrown items, claws 1, fangs 3, see invisible,
carnivore 3, speed 1, shaggy fur 1, slow metabolism 1, sharp paws
a: Animate Remains, Recall Undead Slaves, Injury Mirror, Renounce Religion


You were on level 4 of the Dungeon.
You worshipped Yredelemnul.
Yredelemnul was pleased with you.
You were not hungry.

You visited 1 branch of the dungeon, and saw 4 of its levels.

You collected 129 gold pieces.

Inventory:

Jewellery
 g - a +2 ring of dexterity {unknown}
 k - a +5 ring of dexterity {unknown}
Scrolls
 b - 4 scrolls of identify
 e - 2 scrolls of teleportation
 m - a scroll of random uselessness {unknown}
Potions
 c - 4 potions of curing
 f - 2 potions of cancellation {unknown}
 h - 4 potions of heal wounds {unknown}
 i - a potion of cure mutation {unknown}
 j - a potion of brilliance {unknown}
 l - a potion of flight {unknown}
 n - 2 potions of lignification {unknown}
 o - a potion of degeneration {unknown}
 p - a potion of invisibility {unknown}
Comestibles
 a - 2 meat rations
 d - a chunk of flesh


   Skills:
 - Level 3.0 Fighting
 - Level 4.0 Dodging
 + Level 4.8 Stealth
 * Level 5.2 Unarmed Combat


You had 3 spell levels left.
You didn't know any spells.

Dungeon Overview and Level Annotations

Branches:
Dungeon (4/15)
 Temple: D:4-7

Altars:
Gozag
Hepliaklqana
Nemelex Xobeh
Okawaru
Ru
Yredelemnul

Annotations:
D:3 exclusion: ogre


Innate Abilities, Weirdness & Mutations

You cannot wear armour.
You are incapable of wielding weapons or throwing items.
You have sharp claws.
You have razor-sharp teeth.
You have supernaturally acute eyesight. (SInv)
You are carnivorous and can eat meat at any time.
You cover ground quickly.
You are covered in fur. (AC +1)
You have a slow metabolism.
Your sharp claws are effective at attacking unaware monsters.


Message History

The iguana is heavily wounded.
The iguana bites you.
* * * LOW HITPOINT WARNING * * *
Found 9 gold pieces.
Found a stone staircase leading down.
You open the door.
A bat and an orc wizard come into view.
Found a sacrificial altar of Ru.
You open the door.
A ball python and a goblin come into view.
The iguana bites you.
* * * LOW HITPOINT WARNING * * *
There is an open door here.
The helpless goblin fails to defend itself.
You eviscerate the goblin!!!
You kill the goblin!
Yredelemnul accepts your kill. The iguana bites you!
Ouch! That really hurt!
You die...
Your body rises from the dead as a mindless zombie.

####### #.....#
#..l#### #..#@..#
#..#.).#.b
#.##......
#.####._.## #.##
...... #..
#####..#.o.#.S.#..#
#..(...#...#...#..
#.#..#.'#######+.#
#..#.............#


You could see an iguana and a ball python (paralysed).

Vanquished Creatures
  A howler monkey (D:3)
  An orc wizard (D:4)
  3 adders
  2 worms
  3 dart slugs
  2 giant geckos
  5 orcs (D:4)
  8 bats
  2 giant cockroaches
  3 goblins
  10 hobgoblins
  A quokka (D:4)
  3 giant newts
  7 kobolds
  4 rats
55 creatures vanquished.

Vanquished Creatures (others)
  An orc zombie (D:4)
1 creature vanquished.

Grand Total: 56 creatures vanquished

Notes
Turn   | Place    | Note
-------+----------+-------------------------------------------
     0 | D:1      | dysrexia the Felid Monk began the quest for the Orb.
     0 | D:1      | Reached XP level 1. HP: 10/10 MP: 2/2
   408 | D:1      | Reached XP level 2. HP: 14/14 MP: 3/3
  1075 | D:2      | Reached XP level 3. HP: 16/17 MP: 4/4
  1196 | D:2      | Reached skill level 4 in Unarmed Combat
  1304 | D:2      | Found an iron altar of Okawaru.
  1548 | D:3      | Found a basalt altar of Yredelemnul.
  1554 | D:3      | Reached XP level 4. HP: 21/21 MP: 5/5
  2050 | D:3      | Noticed an ogre
  2229 | D:3      | Found an opulent altar of Gozag.
  2229 | D:3      | Found a sparkling altar of Nemelex Xobeh.
  2294 | D:3      | Became a worshipper of Yredelemnul the Dark
  2294 | D:3      | Reached * piety under Yredelemnul
  2294 | D:3      | Reached ** piety under Yredelemnul
  2381 | D:4      | Reached skill level 5 in Unarmed Combat
  2381 | D:4      | Reached XP level 5. HP: 10/24 MP: 6/6
  2697 | D:4      | Noticed an ogre
  2880 | D:4      | Found a hazy altar of Hepliaklqana.
  2894 | D:4      | Slain by a gnoll
  2895 | D:4      | Reached XP level 4. HP: 0/21 MP: 5/5
  2914 | D:4      | Found a sacrificial altar of Ru.
  2929 | D:4      | Mangled by an iguana

Vault maps used:
D:1:      dpeg_arrival_arbitrary_c
D:2:      okawaru_ov_weapons_minmay
D:3:      grunt_temple_overflow_opulence, lemuel_round_altar, first_bread,
          grunt_decor_one_mirror
D:4:      kennysheep_little_box, nicolae_ru_great_annihilating_truth,
          uniq_eustachio

Skill      XL: |  1  2  3  4 |
---------------+-------------+-----
Stealth        | 3 4 |  4.8
Unarmed Combat | 4 5 |  5.2
Fighting       | |  3.0
Dodging        | |  4.0

Action                   |  1- 3 |  4- 6 || total
-------------------------+-------+-------++-------
Melee: Unarmed           |    85 |    62 ||   147
       Bite              |     8 |     5 ||    13
       Punch             |     1 |     3 ||     4
Invok: Animate Remains   |       |     1 ||     1
  Use: Scroll            |     6 |     3 ||     9
 Stab: Sleeping          |    12 |     4 ||    16
  Eat: Chunk             |     8 |     3 ||    11
Armor: Skin              |     3 |     1 ||     4
Dodge: Dodged            |    51 |    26 ||    77
